 Dungeon Crawl Stone Soup version 0.25-a0-1137-g7f6bfe439b (webtiles) character file.

Game seed: 2771393935083682493, levelgen mode: deterministic

2025 Aviak the Magician (level 9, -14/65 HPs)
             Began as a Gnoll Fire Elementalist on May 23, 2020.
             Was a Believer of Uskayaw.
             Demolished by a white ugly thing (26 damage)
             ... on level 7 of the Dungeon.
             The game lasted 00:11:32 (6450 turns).

Aviak the Magician (Gnoll Fire Elementalist)        Turns: 6450, Time: 00:11:32

Health: -14/65     AC:  7    Str: 10    XL:     9   Next: 23%
Magic:  11/18      EV: 13    Int: 34    God:    Uskayaw [**....]
Gold:   244        SH:  4    Dex: 15    Spells: 4/20 levels left

rFire    . . .     SeeInvis .   y - +3 morningstar of Saltpetre {drain, Int+6}
rCold    . . .     Gourm    .   k - -1 buckler
rNeg     . . .     Faith    +   u - +0 ring mail
rPois    .         Spirit   .   (no helmet)
rElec    .         Reflect  .   z - +0 cloak
rCorr    .         Harm     .   (no gloves)
MR       .....                  (no boots)
Stlth    ++........             s - amulet of faith {!P}
HPRegen  0.20/turn              d - +6 ring of intelligence
MPRegen  0.16/turn              (no ring)

@: lightly drained
A: distributed training, fangs 1, strong nose
a: Stomp, Line Pass, Renounce Religion


You were on level 7 of the Dungeon.
You worshipped Uskayaw.
Uskayaw was noncommittal.
You were hungry.

You visited 1 branch of the dungeon, and saw 7 of its levels.

You collected 244 gold pieces.

Inventory:

Hand Weapons
 b - a +5 halberd of freezing
 e - a +2 dagger of venom
 l - a +1 dagger of venom
 y - the +3 morningstar of Saltpetre (weapon) {drain, Int+6}
   (You found it on level 5 of the Dungeon)

   A truly terrible weapon, it drains the life of those it strikes.
   It affects your intelligence (+6).
Armour
 a - a +0 robe
 k - a -1 buckler (worn)
 u - a +0 ring mail (worn)
 z - a +0 cloak (worn)
Jewellery
 d - a +6 ring of intelligence (left hand)
 s - an amulet of faith (around neck) {!P}
Wands
 m - a wand of disintegration (21)
 p - a wand of acid (5)
Scrolls
 i - a scroll of identify
 o - a scroll of enchant weapon
 r - 4 scrolls of remove curse
 t - 5 scrolls of teleportation
Potions
 f - 2 potions of degeneration {!q!q}
 g - a potion of lignification {!q}
 j - a potion of flight {unknown}
 n - a potion of curing {unknown}
 q - 2 potions of mutation {unknown}
 v - 2 potions of cancellation {unknown}
 w - 2 potions of ambrosia {unknown}
 x - a potion of invisibility {unknown}
Comestibles
 c - 10 rations


   Skills:
 + Level 4.0(3.7) Fighting
 + Level 4.0(3.7) Short Blades
 + Level 4.0(3.7) Long Blades
 + Level 4.0(3.7) Axes
 + Level 4.0(3.7) Maces & Flails
 + Level 4.0(3.7) Polearms
 + Level 4.0(3.7) Staves
 + Level 4.0(3.7) Slings
 + Level 4.0(3.7) Bows
 + Level 4.0(3.7) Crossbows
 + Level 4.0(3.7) Throwing
 + Level 4.0(3.7) Armour
 + Level 6.1(5.8) Dodging
 + Level 5.8(5.5) Stealth
 + Level 4.0(3.7) Shields
 + Level 4.0(3.7) Unarmed Combat
 + Level 6.4(6.1) Spellcasting
 + Level 4.0(3.7) Conjurations
 + Level 3.2(2.9) Hexes
 + Level 3.2(2.9) Charms
 + Level 3.2(2.9) Summonings
 + Level 3.2(2.9) Necromancy
 + Level 3.2(2.9) Translocations
 + Level 3.2(2.9) Transmutations
 + Level 6.4(6.1) Fire Magic
 + Level 3.2(2.9) Ice Magic
 + Level 3.2(2.9) Air Magic
 + Level 3.2(2.9) Earth Magic
 + Level 3.2(2.9) Poison Magic
 + Level 4.3(4.0) Invocations
 + Level 4.0(3.7) Evocations


You had 4 spell levels left.
You knew the following spells:

 Your Spells              Type           Power        Failure   Level  Hunger
a - Foxfire               Conj/Fire      ####         1%          1    None
b - Conjure Flame         Conj/Fire      #####...     4%          3    None
c - Sticky Flame          Conj/Fire      #####...     13%         4    ##.....
d - Fireball              Conj/Fire      #####.....   36%         5    ####...
f - Inner Flame           Hex/Fire       #####...     4%          3    None

Your spell library contained the following spells:

 Spells                   Type           Power        Failure   Level  Hunger
 Summon Small Mammal      Summ           ####         3%          1    None


Dungeon Overview and Level Annotations

Branches:
Dungeon (7/15)             Temple (0/1) D:4

Altars:
Dithmenos
Hepliaklqana
Kikubaaqudgha
Makhleb
Qazlal
Sif Muna
Uskayaw
Vehumet
Yredelemnul


Innate Abilities, Weirdness & Mutations

Your experience applies equally to all skills.
You have very sharp teeth.
Your uncanny sense of smell can sniff out nearby items.


Message History

The white ugly thing burns! x2; The hound skeleton misses you.
The white ugly thing engulfs you! The white ugly thing freezes you!!
* * * LOW HITPOINT WARNING * * *
The hound skeleton bites you but does no damage.
The white ugly thing barely misses you.
Unknown command.
Unknown command.
You feel much better.
The white ugly thing burns!
The hound skeleton barely misses you. The white ugly thing engulfs you!
The white ugly thing freezes you!
* * * LOW HITPOINT WARNING * * *
You stomp with the beat, sending a shockwave through the revelers around you!
The hound skeleton is almost destroyed.
The white ugly thing is severely wounded.
You feel somewhat more hungry.
The white ugly thing burns!
The hound skeleton closely misses you. You block the hound skeleton's attack.
The white ugly thing engulfs you.
* * * LOW HITPOINT WARNING * * *
The white ugly thing freezes you!!
You die...

...# ##'#########
#..........#
#........#.#
#........#.# ####
#........#.# #...
#........#.# #... ∆
#........#.# #... ∆
#@.......#.####...
#Zu..........##...
........P.P.............
###......_...[.#.#......
#.....P.P.####..##.#+#
#....?....# ##.##.#
##.....#..# #.##.#∆
#........# #..#.#
#....####### ##.#.#


You could see a white ugly thing (burning, drained) and a hound skeleton.

Vanquished Creatures
  2 steam dragons (D:6)
  4 ogres
  2 bullfrogs
  4 wights (D:6)
  A crimson imp (D:6)
  2 bullfrog zombies
  A bullfrog skeleton (D:6)
  A jelly (D:5)
  2 gnoll shamans
  2 hounds (D:4)
  An orc priest (D:3)
  An iguana (D:5)
  Jessica (D:3)
  A centaur skeleton (D:6)
  Natasha (thrice) (D:3)
  9 orc wizards
  3 worker ants
  A hound skeleton (D:4)
  10 gnolls
  9 adders
  A shadow imp (D:5)
  An ooze (D:4)
  5 worms
  A dart slug (D:4)
  5 leopard geckos
  17 orcs
  5 giant cockroaches
  7 goblins
  10 hobgoblins
  7 jackals
  12 kobolds
  3 quokkas
  2 ball pythons
  11 bats
  4 frilled lizards
  9 rats
  A fungus (D:6)
161 creatures vanquished.

Vanquished Creatures (others)
  312 foxfires
  3 fungi (D:6)
315 creatures vanquished.

Grand Total: 476 creatures vanquished

Notes
Turn   | Place    | Note
-------+----------+-------------------------------------------
     0 | D:1      | Aviak the Gnoll Fire Elementalist began the quest for the
                  | Orb.
     0 | D:1      | Reached XP level 1. HP: 13/13 MP: 6/6
   122 | D:1      | Reached XP level 2. HP: 19/19 MP: 2/7
   590 | D:2      | Found a hide-covered altar of Uskayaw.
   594 | D:2      | Reached XP level 3. HP: 25/25 MP: 3/9
   597 | D:2      | Reached skill level 5 in Spellcasting
   611 | D:2      | Reached skill level 1 in Invocations
   672 | D:2      | Learned a level 3 spell: Conjure Flame
   676 | D:2      | Learned a level 3 spell: Inner Flame
   676 | D:2      | Became a worshipper of Uskayaw the Reveler
   758 | D:2      | Reached * piety under Uskayaw
   894 | D:2      | Reached skill level 1 in Fighting
   894 | D:2      | Reached skill level 1 in Short Blades
   894 | D:2      | Reached skill level 1 in Long Blades
   894 | D:2      | Reached skill level 1 in Axes
   894 | D:2      | Reached skill level 1 in Maces & Flails
   894 | D:2      | Reached skill level 1 in Polearms
   894 | D:2      | Reached skill level 1 in Staves
   894 | D:2      | Reached skill level 1 in Slings
   894 | D:2      | Reached skill level 1 in Bows
   894 | D:2      | Reached skill level 1 in Crossbows
   894 | D:2      | Reached skill level 1 in Throwing
   894 | D:2      | Reached skill level 1 in Armour
   894 | D:2      | Reached skill level 1 in Shields
   894 | D:2      | Reached skill level 1 in Unarmed Combat
   894 | D:2      | Reached skill level 1 in Evocations
   955 | D:2      | Reached XP level 4. HP: 32/32 MP: 6/11
   955 | D:2      | Reached ** piety under Uskayaw
  1494 | D:3      | Found a hazy altar of Hepliaklqana.
  1683 | D:3      | Noticed Natasha
  1690 | D:3      | Killed Natasha
  1690 | D:3      | Reached skill level 1 in Hexes
  1690 | D:3      | Reached skill level 1 in Charms
  1690 | D:3      | Reached skill level 1 in Summonings
  1690 | D:3      | Reached skill level 1 in Necromancy
  1690 | D:3      | Reached skill level 1 in Translocations
  1690 | D:3      | Reached skill level 1 in Transmutations
  1690 | D:3      | Reached skill level 1 in Ice Magic
  1690 | D:3      | Reached skill level 1 in Air Magic
  1690 | D:3      | Reached skill level 1 in Earth Magic
  1690 | D:3      | Reached skill level 1 in Poison Magic
  1698 | D:3      | Noticed Natasha
  1702 | D:3      | Killed Natasha
  1702 | D:3      | Reached XP level 5. HP: 32/37 MP: 2/12
  1754 | D:3      | Noticed Natasha
  1761 | D:3      | Killed Natasha
  1896 | D:3      | Reached *** piety under Uskayaw
  1897 | D:3      | Reached **** piety under Uskayaw
  1898 | D:3      | Reached XP level 6. HP: 33/44 MP: 4/13
  2059 | D:3      | Noticed Jessica
  2060 | D:3      | Found a shadowy altar of Dithmenos.
  2076 | D:3      | Killed Jessica
  2651 | D:4      | Reached skill level 5 in Dodging
  2817 | D:4      | Reached XP level 7. HP: 50/50 MP: 10/15
  2823 | D:4      | Learned a level 4 spell: Sticky Flame
  2829 | D:4      | Learned a level 5 spell: Fireball
  2877 | D:4      | Reached ***** piety under Uskayaw
  3016 | D:4      | Found a staircase to the Ecumenical Temple.
  3654 | D:5      | Entered Level 5 of the Dungeon
  3664 | D:5      | Reached skill level 5 in Stealth
  4041 | D:5      | Got a fine morningstar
  4042 | D:5      | Identified the +3 morningstar of Saltpetre {drain, Int+6}
                  | (You found it on level 5 of the Dungeon)
  4053 | D:5      | Found a burning altar of Makhleb.
  4228 | D:5      | Reached XP level 8. HP: 53/57 MP: 16/16
  5198 | D:6      | Found a stormy altar of Qazlal.
  5445 | D:6      | Found a radiant altar of Vehumet.
  5458 | D:6      | Found an ancient bone altar of Kikubaaqudgha.
  5470 | D:6      | Found a shimmering blue altar of Sif Muna.
  5483 | D:6      | Reached XP level 9. HP: 53/65 MP: 15/18
  5485 | D:6      | Identified Sif Muna's Guide on the Entourage
  6290 | D:7      | Found a basalt altar of Yredelemnul.
  6312 | D:7      | Noticed a white ugly thing
  6450 | D:7      | Demolished by a white ugly thing

Illustrated notes

Levels and vault maps discovered:
D:1:      zelgadis_glass_arrival_small, layout_rooms
D:2:      layout_basic, eat_drink_and_be_merry_uskayaw, minmay_tromino_v4_b
D:3:      layout_loops_cross, nicolae_dithmenos_shadow_blocks,
          lemuel_crystal_altar, uniq_jessica, uniq_natasha
D:4:      layout_basic, temple_pool_b
D:5:      layout_cave_pools, kennysheep_mini_moat, first_ration,
          hangedman_decor_push, minmay_misc_feat_iff, minmay_holes,
          nrook_campfire
D:6:      kennysheep_steamy, layout_basic, palyth_temple_overflow_mages,
          marbit_many_paths, portal_sewer_entry_d
D:7:      layout_basic, zin_purify, fedhas_altar_decomposition,
          yredelemnul_altar_generic, gammafunk_ghost_split, grunt_ogre_cave,
          eino_tiny_chamber

Skill      XL: |  1  2  3  4  5  6  7  8  9 |
---------------+----------------------------+-----
Conjurations   | 2 3 4 |  4.0
Spellcasting   | 5 6 |  6.4
Invocations    | 1 2 3 4 |  4.3
Fighting       | 1 2 3 4 |  4.0
Short Blades   | 1 2 3 4 |  4.0
Long Blades    | 1 2 3 4 |  4.0
Axes           | 1 2 3 4 |  4.0
Maces & Flails | 1 2 3 4 |  4.0
Polearms       | 1 2 3 4 |  4.0
Staves         | 1 2 3 4 |  4.0
Slings         | 1 2 3 4 |  4.0
Bows           | 1 2 3 4 |  4.0
Crossbows      | 1 2 3 4 |  4.0
Throwing       | 1 2 3 4 |  4.0
Armour         | 1 2 3 4 |  4.0
Shields        | 1 2 3 4 |  4.0
Unarmed Combat | 1 2 3 4 |  4.0
Evocations     | 1 2 3 4 |  4.0
Hexes          | 1 2 3 |  3.2
Charms         | 1 2 3 |  3.2
Summonings     | 1 2 3 |  3.2
Necromancy     | 1 2 3 |  3.2
Translocations | 1 2 3 |  3.2
Transmutations | 1 2 3 |  3.2
Ice Magic      | 1 2 3 |  3.2
Air Magic      | 1 2 3 |  3.2
Earth Magic    | 1 2 3 |  3.2
Poison Magic   | 1 2 3 |  3.2
Dodging        | 5 6 |  6.1
Stealth        | 5 |  5.8
Fire Magic     | 6 |  6.4

Action                   |  1- 3 |  4- 6 |  7- 9 || total
-------------------------+-------+-------+-------++-------
Melee: Dagger            |    17 |   109 |    18 ||   144
       Unarmed           |     1 |       |       ||     1
       Bite              |       |    13 |    13 ||    26
       Morningstar       |       |       |   131 ||   131
 Cast: Foxfire           |    51 |    52 |    98 ||   201
       Conjure Flame     |       |       |     2 ||     2
       Sticky Flame      |       |       |     2 ||     2
       Inner Flame       |       |       |     1 ||     1
Invok: Stomp             |       |       |     1 ||     1
Evoke: Wand              |       |       |     4 ||     4
  Use: Potion            |       |     1 |     1 ||     2
       Scroll            |       |       |    11 ||    11
 Stab: Sleeping          |     1 |     3 |     3 ||     7
       Paralysed         |       |     1 |     2 ||     3
  Eat: Chunk             |       |     6 |    11 ||    17
Armor: Robe              |     3 |     1 |       ||     4
       Ring mail         |       |    14 |    42 ||    56
       Skin              |       |     8 |       ||     8
Dodge: Dodged            |    20 |    62 |   121 ||   203
Block: Buckler           |       |    12 |    33 ||    45

Table legend:
 A = Non-vault XP
 B = Vault XP
 C = Vault XP percentage of total XP
 D = Non-vault monster count
 E = Vault monster count
 F = Vault count percentage of total count
                 A         B        C        D         E       F
            +---------+---------+-------+---------+---------+-------
      Total |    2128 |     766 |  26.5 |     145 |      15 |   9.4
            +---------+---------+-------+---------+---------+-------
        D:1 |      29 |       0 |   0.0 |      22 |       0 |   0.0
        D:2 |      68 |       7 |   9.3 |      24 |       2 |   7.7
        D:3 |     227 |      73 |  24.3 |      32 |       2 |   5.9
        D:4 |     536 |       0 |   0.0 |      23 |       0 |   0.0
        D:5 |     352 |       0 |   0.0 |      21 |       0 |   0.0
        D:6 |     823 |     686 |  45.5 |      21 |      11 |  34.4
        D:7 |      93 |       0 |   0.0 |       2 |       0 |   0.0
            +---------+---------+-------+---------+---------+-------
